 Dungeon Crawl Stone Soup version 0.32-a0-675-gdc239d62e1 (webtiles) character file.

Game seed: 8280627492182339305

128 javelincjr the Trooper (level 4, -5/36 HPs)
             Began as a Demonspawn Warper on Mar 11, 2024.
             Slain by a gnoll
             ... wielding a +0 flail
              (10 damage)
             ... on level 2 of the Dungeon.
             The game lasted 00:09:22 (2287 turns).

javelincjr the Trooper (Demonspawn Warper)          Turns: 2287, Time: 00:09:23

Health: -5/36      AC:  7    Str: 13    XL:     4   Next: 86%
Magic:  13/16      EV: 12    Int: 14    God:
Gold:   115        SH:  0    Dex: 12    Spells: 2/7 levels left

rFire   . . .        j - +0 trident
rCold   . . .        (no shield)
rNeg    + . .        b - +0 leather armour
rPois   .            (no helmet)
rElec   .            (no cloak)
rCorr   .            m - +1 pair of gloves
SInv    .            (no boots)
Will    .....        (no amulet)
Stlth   +            r - ring of positive energy
HPRegen 0.26/turn    s - ring of magical power
MPRegen 0.15/turn

%: no passive effects
@: on blink cooldown
A: rugged brown scales 2
a: no special abilities


You were on level 2 of the Dungeon.
You visited 1 branch of the dungeon, and saw 3 of its levels.

You collected 115 gold pieces.

Inventory:

Hand Weapons
 a - a +0 spear
 j - a +0 trident (weapon)
 q - a +0 sling
Missiles
 d - 7 darts of dispersal
 k - 5 poisoned darts
Armour
 b - a +0 leather armour (worn)
 m - a +1 pair of gloves (worn)
 n - a +0 ring mail
Jewellery
 r - a ring of positive energy (left hand)
 s - a ring of magical power (right hand)
Scrolls
 c - a scroll of blinking
 f - a scroll of teleportation {unknown}
 h - a scroll of immolation {unknown}
 i - 3 scrolls of poison {unknown}
 p - 3 scrolls of fog {unknown}
 u - a scroll of enchant weapon {unknown}
 v - a scroll of amnesia {unknown}
Potions
 e - 2 potions of curing {unknown}
 g - a potion of might {unknown}
 l - 2 potions of heal wounds {unknown}
 o - 3 potions of lignification {unknown}
 t - a potion of berserk rage {unknown}
 w - 2 potions of invisibility {unknown}
 x - a potion of magic {unknown}


   Skills:
 * Level 3.3 Fighting
 + Level 2.2 Polearms
 - Level 0.8 Throwing
 + Level 1.6 Armour
 + Level 2.3 Dodging
 + Level 2.4 Spellcasting
 + Level 3.2 Translocations


You had 2 spell levels left.
You knew the following spells:

 Your Spells              Type           Power      Damage    Failure   Level
a - Blink                 Tloc           20%        N/A       12%         2
b - Lesser Beckoning      Tloc           20%        N/A       12%         2
c - Foxfire               Conj/Fire      4%         2x1d4     28%         1

Your spell library contained the following spells:

 Spells                   Type           Power      Damage    Failure   Level
 Teleport Other           Tloc           10%        N/A       24%         3
 Manifold Assault         Tloc           10%        N/A       61%         4
 Call Canine Familiar     Summ           1%         N/A       65%         3
 Sigil of Binding         Hex            1%         N/A       65%         3
 Dimensional Bullseye     Hex/Tloc       3%         N/A       83%         4
 Vhi's Electric Charge    Tloc/Air       12%        N/A       83%         4
 Plasma Beam              Fire/Air       0%         2x1d10    100%        6
 Starburst                Conj/Fire      0%         6d3       100%        6


Dungeon Overview and Level Annotations

Branches:
Dungeon (3/15)

Altars:


Innate Abilities, Weirdness & Mutations

You are mostly covered in rugged brown scales. (AC +2, +5% HP)


Message History

Casting: Blink (safe; 12% risk of failure)
Confirm with . or Enter, or press ? or * to list all spells.
You conjure some foxfire!
The foxfire hits the adder.
The adder is lightly wounded.
Casting: Foxfire (safe; 28% risk of failure)
Confirm with . or Enter, or press ? or * to list all spells.
Okay, then.
Your foxfire dissipates!
The adder attacks as it pursues you! The adder bites you but does no damage.
You miss the adder.
The adder is lightly wounded.
The adder bites you but does no damage. The adder completely misses you.
You hit the adder but do no damage.
The adder is lightly wounded.
The adder bites you.
* * * LOW HITPOINT WARNING * * *
The adder barely misses you.
You hit the adder.
The adder is moderately wounded.
You feel ready to blink again. The adder barely misses you.
You hit the adder.
The adder is heavily wounded.
The adder bites you but does no damage. The adder barely misses you.
You hit the adder but do no damage.
The adder is moderately wounded.
The adder barely misses you.
You miss the adder.
The adder is moderately wounded.
The adder bites you but does no damage. x2
You miss the adder.
The adder is moderately wounded.
The adder bites you.
* * * LOW HITPOINT WARNING * * *
Casting: Foxfire (safe; 28% risk of failure)
Confirm with . or Enter, or press ? or * to list all spells.
You blink.
The gnoll hits you with a +0 flail.
* * * LOW HITPOINT WARNING * * *
The gnoll attacks as it pursues you! The gnoll hits you with a +0 flail!
You die...

##############################
...............>@g.S.........#
###############.###########.##
#.# #.# #.# #.# #.# #.# #.#
#.# #.# #.# #.# #.#
############# #.# #.#


You could see a gnoll and an adder.

Vanquished Creatures
  2 gnolls (D:3)
  4 adders
  2 dart slugs
  2 ribbon worms
  An orc (D:3)
  8 ball pythons
  7 bats
  5 endoplasms
  3 giant cockroaches
  6 goblins
  7 hobgoblins
  5 quokkas
  2 frilled lizards
  4 kobolds
  3 rats
61 creatures vanquished.

Vanquished Creatures (others)
  27 foxfires (D:3)
27 creatures vanquished.

Grand Total: 88 creatures vanquished

Notes
Turn   | Place    | Note
-------+----------+-------------------------------------------
     0 | D:1      | javelincjr the Demonspawn Warper began the quest for the
                  | Orb.
     0 | D:1      | Reached XP level 1. HP: 16/16 MP: 3/3
    73 | D:1      | Reached skill level 1 in Armour
    82 | D:1      | Found a faded altar of an unknown god.
    99 | D:1      | Gained mutation: You are partially covered in rugged brown
                  | scales. (AC +1, +3% HP) [demonic ancestry]
    99 | D:1      | Reached XP level 2. HP: 15/22 MP: 5/5
   527 | D:1      | Gained mutation: You are mostly covered in rugged brown
                  | scales. (AC +2, +5% HP) [demonic ancestry]
   527 | D:1      | Reached XP level 3. HP: 22/29 MP: 6/6
  1015 | D:2      | Learned a level 2 spell: Blink
  1018 | D:2      | Learned a level 2 spell: Lesser Beckoning
  1020 | D:2      | Learned a level 1 spell: Foxfire
  1755 | D:3      | Reached XP level 4. HP: 35/35 MP: 7/7
  2287 | D:2      | Slain by a gnoll

Illustrated notes

Levels and vault maps discovered:
D:1:      minmay_arrival_radiant_lines, layout_loops_ring,
          nicolae_ecumenical_snake_handling, st_stairs_10
D:2:      layout_basic
D:3:      layout_rooms

Skill      XL: |  1  2  3  4 |
---------------+-------------+-----
Armour         | 1 |  1.6
Polearms       | 2 |  2.2
Dodging        | 2 |  2.3
Translocations | 3 |  3.2
Fighting       | 3 |  3.3
Throwing       | |  0.8
Spellcasting   | |  2.4

Action                     |  1- 3 |  4- 6 || total
---------------------------+-------+-------++-------
  Melee: Spear             |    84 |       ||    84
         Trident           |    74 |    67 ||   141
   Cast: Foxfire           |       |    17 ||    17
         Blink             |       |     4 ||     4
   Stab: Sleeping          |     3 |       ||     3
 Armour: Leather armour    |   101 |    43 ||   144
  Dodge: Dodged            |    90 |    44 ||   134

Table legend: (Time is in decaauts)
 A = Elapsed time spent in this place.
 B = Non-inter-level travel time spent in this place.
 C = Inter-level travel time spent in this place.
 D = Time resting spent in this place.
 E = Time spent auto-exploring this place.
 F = Levels seen in this place.
 G = Mean time per level.
                   A        B        C        D        E       F      G
               +--------+--------+--------+--------+--------+-----+--------+
         Total |   2313 |   2243 |     70 |      0 |   1729 |   3 |  771.0 |
       Dungeon |   2313 |   2243 |     70 |      0 |   1729 |   3 |  771.0 |
               +--------+--------+--------+--------+--------+-----+--------+

Top non-repeatable levels by time:
     D:2: 894 daAuts
     D:1: 851 daAuts
     D:3: 567 daAuts
